 Dungeon Crawl Stone Soup version 0.30-a0-591-g3c58d2bc28 (webtiles) character file.

Game seed: 10128131853057541954

2161 Newt the Trooper (level 9, 0/72 HPs)
             Began as a Demonspawn Gladiator on Jan 5, 2023.
             Was an Initiate of Yredelemnul.
             Engulfed by a steam dragon's steam (7 damage)
             ... on level 7 of the Dungeon.
             The game lasted 00:09:23 (8039 turns).

Newt the Trooper (Demonspawn Gladiator)             Turns: 8039, Time: 00:09:23

Health: 0/72       AC:  4    Str: 18    XL:     9   Next: 10%
Magic:  12/12      EV: 13    Int: 16    God:    Yredelemnul [......]
Gold:   212        SH:  4    Dex: 15    Spells: 8/8 levels left

rFire   . . .      SeeInvis .    v - +3 spear
rCold   . . .      Faith    .    (no shield)
rNeg    . . .      Spirit   .    k - +0 leather armour
rPois   .          Reflect  .    c - +0 helmet
rElec   .          Harm     .    D - scarf {+Inv}
rCorr   .          Rampage  .    (gloves unavailable)
Will    .....                    (no boots)
Stlth   ++                       (no amulet)
HPRegen 0.32/turn                n - +6 ring of intelligence
MPRegen 0.13/turn                (no ring)

@: no status effects
A: large bone plates 1, demonic guardian 1, icemail 1, condensation shield,
demonic touch 3
a: Renounce Religion, Evoke Invisibility, Recall Undead Harvest


You were on level 7 of the Dungeon.
You worshipped Yredelemnul.
Yredelemnul was noncommittal.
You visited 1 branch of the dungeon, and saw 7 of its levels.

You collected 212 gold pieces.

Inventory:

Hand Weapons
 a - a +0 rapier
 b - a +0 sling
 v - a +3 spear (weapon)
 B - the +7 whip of Inquiry {speed, rC+}
   (You found it on level 4 of the Dungeon)

   rC:        It protects you from cold.
Missiles
 p - 6 boomerangs (quivered)
Armour
 c - a +0 helmet (worn)
 k - a +0 leather armour (worn)
 r - a +2 robe of fire resistance
 D - a scarf of invisibility (worn)
Jewellery
 n - a +6 ring of intelligence (left hand)
 F - an amulet of faith
Wands
 t - a wand of polymorph (13)
 A - a wand of digging (4)
 C - a wand of charming (10)
Scrolls
 f - 3 scrolls of teleportation
 h - 2 scrolls of silence
 j - a scroll of immolation
 m - a scroll of amnesia
 s - a scroll of blinking
 u - a scroll of identify
 w - a scroll of enchant armour
 y - a scroll of fog
Potions
 d - 2 potions of degeneration
 g - 2 potions of brilliance
 i - a potion of attraction
 l - 2 potions of flight
 o - 2 potions of lignification {unknown}
 q - a potion of ambrosia {unknown}
 x - 3 potions of resistance {unknown}
 z - a potion of invisibility {unknown}
 E - a potion of berserk rage {unknown}


   Skills:
 - Level 7.0 Fighting
 - Level 4.0 Short Blades
 + Level 5.3 Polearms
 - Level 1.7 Throwing
 - Level 4.0 Armour
 - Level 4.0 Dodging
 - Level 2.0 Stealth
 - Level 5.0 Invocations


You had 8 spell levels left.
You didn't know any spells.
Your spell library contained the following spells:

 Spells                   Type           Power      Damage    Failure   Level
 Sting                    Tmut/Pois      0%         1d3       30%         1
 Sublimation of Blood     Necr           0%         N/A       41%         2
 Wereblood                Tmut           0%         N/A       41%         2
 Summon Forest            Summ/Tloc      0%         N/A       100%        5
 Summon Mana Viper        Hex/Summ       0%         N/A       100%        5
 Summon Cactus Giant      Summ           0%         N/A       100%        6
 Summon Hydra             Summ           0%         N/A       100%        7


Dungeon Overview and Level Annotations

Branches:
Dungeon (7/15)
 Temple: D:4-7

Altars:
Ashenzari
Sif Muna
Trog
Yredelemnul

Shops:
D:1 :   D:2 =   D:5 :


Innate Abilities, Weirdness & Mutations

You are partially covered in large bone plates. (SH +4)
A weak demonic guardian rushes to your aid.
A meltable icy envelope protects you from harm. (AC +0)
A meltable shield of frost defends you. (SH +0)
Your touch may irresistibly damage your foes and sap their willpower.


Message History

The steam dragon barely misses your killer bee zombie.
The steam dragon claws your killer bee zombie.
Your killer bee zombie hits the steam dragon but does no damage.
Reach: v) +3 spear
Press: ? - help, Dir - move target, f/p - steam dragon
Aim: a steam dragon (severely wounded, ally target, about 31% to evade your +3 spear)
You could not reach far enough!
Your killer bee zombie hits the steam dragon but does no damage.
The steam dragon bites your killer bee zombie!
Your killer bee zombie is destroyed!
The steam dragon hisses angrily.
Reach: v) +3 spear
Press: ? - help, Dir - move target, f/p - steam dragon
Aim: a steam dragon (severely wounded, about 31% to evade your +3 spear)
You reach to attack!
You hit the steam dragon but do no damage.
The steam dragon is severely wounded.
Reach: v) +3 spear
Press: ? - help, Dir - move target, f/p - steam dragon
Aim: a steam dragon (severely wounded, about 31% to evade your +3 spear)
You reach to attack!
You hit the steam dragon.
The steam dragon is severely wounded.
You completely miss the steam dragon.
The steam dragon is severely wounded.
The steam dragon bites you.
The steam dragon claws you but does no damage.
You hit the steam dragon.
The steam dragon is almost dead.
The steam dragon closely misses you. The steam dragon completely misses you.
You barely miss the steam dragon. Your touch misses the steam dragon.
The steam dragon is almost dead.
The steam dragon breathes steam at you. The ball of steam hits you!!
* * * LOW HITPOINT WARNING * * *
A demonic guardian appears!
The ball of steam hits your quasit.
Your quasit resists.
You swap places.
You are engulfed in a cloud of scalding steam.
You die...
Your body rises from the dead as a mindless zombie.

......... ....... #.....
#########.# #....
#.........#
##...########.........#
#....+................#
#....####.............#
#....####§............#
#(...D5@§§............#
.......#####§............#
##..... #.....#######.#
#..... ###.#.#######.#
....... #.#.........#
....... #.#....<....#
..##..# #.#.........#
..#.........#
..#.........#


You could see a steam dragon (catching breath, ally target) and a friendly
quasit (summoned).

Vanquished Creatures
  Sigmund (D:3)
  A phantom (D:5)
  2 bullfrogs
  4 necrophages
  A scorpion (D:5)
  9 killer bees
  A howler monkey (D:4)
  2 hounds
  An orc priest (D:5)
  A gnoll bouda (D:6)
  Crazy Yiuf (D:6)
  A jelly (D:5)
  Jessica (D:3)
  4 iguanas
  2 orc wizards
  Robin (D:2)
  9 gnolls
  12 adders
  2 white imps
  An ufetubus (D:5)
  2 worms (D:2)
  A dart slug (D:1)
  10 orcs
  5 bats
  8 endoplasms
  A giant cockroach (D:2)
  15 goblins
  8 hobgoblins
  7 kobolds
  5 quokkas
  7 ball pythons
  2 ball python zombies (D:3)
  7 frilled lizards
  2 rats
  A spectral orc (D:5)
138 creatures vanquished.

Vanquished Creatures (collateral kills)
  A water moccasin (D:7)
  A sky beast (D:5)
  A killer bee (D:5)
  A howler monkey (D:6)
  A hound (D:5)
  An iguana (D:4)
  2 gnolls (D:6)
  An ufetubus (D:6)
  2 orcs
  An endoplasm (D:4)
  A giant cockroach (D:4)
  2 jackals (D:5)
  A frilled lizard (D:3)
16 creatures vanquished.

Vanquished Creatures (others)
  A water moccasin zombie (D:7)
  4 killer bee zombies (D:7)
  3 hound zombies
  A howler monkey zombie (D:6)
  An iguana zombie (D:6)
  3 gnoll zombies (D:6)
  4 orc zombies
  2 fungi (D:6)
19 creatures vanquished.

Grand Total: 173 creatures vanquished

Notes
Turn   | Place    | Note
-------+----------+-------------------------------------------
     0 | D:1      | Newt the Demonspawn Gladiator began the quest for the Orb.
     0 | D:1      | Reached XP level 1. HP: 16/16 MP: 1/1
    80 | D:1      | Reached skill level 1 in Stealth
   183 | D:1      | Gained mutation: You are partially covered in large bone
                  | plates. (SH +4) [demonic ancestry]
   183 | D:1      | Reached XP level 2. HP: 18/22 MP: 2/2
   852 | D:1      | Found Karist's Book Shoppe.
   873 | D:1      | You fall into a shaft and drop 1 floor!
  1065 | D:2      | Found Poryo's One-of-a-Kind Rings.
  1148 | D:2      | Noticed Robin
  1186 | D:2      | Gained mutation: Your touch may inflict minor irresistible
                  | damage on your foes. [demonic ancestry]
  1186 | D:2      | Reached XP level 3. HP: 28/28 MP: 3/3
  1205 | D:2      | Killed Robin
  1206 | D:2      | Reached skill level 3 in Fighting
  1336 | D:2      | Gained mutation: A meltable shield of frost defends you.
                  | (SH +0) [demonic ancestry]
  1336 | D:2      | Reached XP level 4. HP: 3/37 MP: 4/4
  1343 | D:2      | Reached skill level 4 in Fighting
  1703 | D:2      | Found a faded altar of an unknown god.
  1891 | D:2      | Gained mutation: A meltable icy envelope protects you from
                  | harm. (AC +0) [demonic ancestry]
  1891 | D:2      | Reached XP level 5. HP: 41/42 MP: 5/5
  3043 | D:3      | Noticed Jessica
  3049 | D:3      | Killed Jessica
  3420 | D:3      | Found a basalt altar of Yredelemnul.
  3529 | D:3      | Gained mutation: Your touch may inflict irresistible damage
                  | on your foes. [demonic ancestry]
  3529 | D:3      | Reached XP level 6. HP: 48/48 MP: 6/6
  3621 | D:3      | Became a worshipper of Yredelemnul the Dark
  3790 | D:3      | Noticed Sigmund
  3805 | D:3      | Killed Sigmund
  3806 | D:3      | Reached skill level 5 in Fighting
  4001 | D:3      | Found a bloodstained altar of Trog.
  4005 | D:3      | Reached * piety under Yredelemnul
  4016 | D:3      | Found a shimmering blue altar of Sif Muna.
  4062 | D:3      | Got Sif Muna's Annotations on the Bane
  4231 | D:4      | Reached skill level 1 in Polearms
  4340 | D:4      | Gained mutation: A weak demonic guardian rushes to your
                  | aid. [demonic ancestry]
  4340 | D:4      | Reached XP level 7. HP: 56/56 MP: 7/7
  4346 | D:4      | Reached ** piety under Yredelemnul
  4536 | D:4      | Identified the +7 whip of Inquiry {speed, rC+}
  5190 | D:5      | Entered Level 5 of the Dungeon
  5409 | D:5      | Reached skill level 1 in Invocations
  6025 | D:5      | Found a broken altar of Ashenzari.
  6139 | D:5      | Found Juxtes's Book Emporium.
  6227 | D:5      | Gained mutation: Your touch may irresistibly damage your
                  | foes and sap their willpower. [demonic ancestry]
  6227 | D:5      | Reached XP level 8. HP: 14/62 MP: 11/11
  6228 | D:5      | Reached skill level 5 in Invocations
  6233 | D:5      | Reached skill level 1 in Armour
  7179 | D:6      | Reached skill level 6 in Fighting
  7387 | D:6      | Found a runed translucent door.
  7388 | D:6      | Noticed Crazy Yiuf
  7589 | D:6      | Killed Crazy Yiuf
  7647 | D:7      | Reached skill level 7 in Fighting
  7717 | D:7      | Reached XP level 9. HP: 36/72 MP: 12/12
  7724 | D:7      | Reached skill level 5 in Polearms
  8039 | D:7      | Engulfed by a steam dragon's steam

Illustrated notes

Levels and vault maps discovered:
D:1:      psy_arrival_terrarium, layout_basic, serial_shops,
          nicolae_lakefront_shop
D:2:      layout_basic, dreamdust_ecumenical_altar_statues,
          palyth_stone_intersect, nicolae_shop_unique_rings, uniq_robin
D:3:      layout_loops_ring, lemuel_zombie_altar_yredelemnul,
          nzn_overflow_gifts_of_might_and_magic, minmay_misc_feat_enclosed,
          minmay_snake_closets, uniq_sigmund, uniq_jessica
D:4:      wander_river, layout_basic, bh_walls_and_bars
D:5:      layout_loops_ring, ashenzari_altar_1, serial_shops,
          kennysheep_little_box
D:6:      layout_rooms, uniq_crazy_yiuf_cottage
D:7:      layout_basic, xom_shifter_show, minmay_temple_entry_butterflies,
          nicolae_water_bricks, hangedman_abyss_or_decor_jellyfish_corner,
          uniq_pikel

Skill      XL: |  1  2  3  4  5  6  7  8  9 |
---------------+----------------------------+-----
Stealth        | 1 2 |  2.0
Fighting       | 3 4 5 7 |  7.0
Short Blades   | 3 4 |  4.0
Dodging        | 3 4 |  4.0
Polearms       | 1 4 5 |  5.3
Invocations    | 4 5 |  5.0
Armour         | 4 |  4.0
Throwing       | |  1.7

Action                   |  1- 3 |  4- 6 |  7- 9 || total
-------------------------+-------+-------+-------++-------
Melee: Rapier            |    77 |   143 |       ||   220
       Touch             |     8 |    31 |    36 ||    75
       Punch             |       |     3 |     4 ||     7
       Spear             |       |    26 |   226 ||   252
 Fire: Sling             |    30 |       |       ||    30
Throw: Throwing net      |     5 |       |       ||     5
       Javelin           |       |     1 |     1 ||     2
  Use: Potion            |       |     3 |     2 ||     5
       Scroll            |       |     7 |     4 ||    11
 Stab: Held in net/web   |     2 |       |       ||     2
       Sleeping          |     1 |     7 |       ||     8
       Distracted        |       |     1 |     1 ||     2
Armor: Leather armour    |    34 |    25 |    62 ||   121
Dodge: Dodged            |    54 |    67 |   140 ||   261
Block: Other             |    11 |    53 |    77 ||   141

Table legend: (Time is in decaauts)
 A = Elapsed time spent in this place.
 B = Non-inter-level travel time spent in this place.
 C = Inter-level travel time spent in this place.
 D = Time resting spent in this place.
 E = Time spent auto-exploring this place.
 F = Levels seen in this place.
 G = Mean time per level.
                   A        B        C        D        E       F      G
               +--------+--------+--------+--------+--------+-----+--------+
         Total |   8046 |   7711 |    335 |   2544 |   4004 |   7 | 1149.4 |
       Dungeon |   8046 |   7711 |    335 |   2544 |   4004 |   7 | 1149.4 |
               +--------+--------+--------+--------+--------+-----+--------+

Top non-repeatable levels by time:
     D:5: 1742 daAuts
     D:2: 1707 daAuts
     D:3: 1419 daAuts
     D:1: 1095 daAuts
     D:4: 1001 daAuts
     D:6: 691 daAuts
     D:7: 389 daAuts
